[Event "1000GM Schev-G5 April 2024"]
[Site "Santa Clara"]
[Date "2024.04.21"]
[Round "4.1"]
[White "Garduno Huerta, Joshua Emiliano"]
[Black "Wu, Wentao"]
[Result "1/2-1/2"]
[ECO "D70"]
[WhiteElo "1962"]
[BlackElo "1843"]
[Annotator "TA"]
[PlyCount "80"]
[EventDate "2024.03.06"]
[EventType "schev"]
[EventCountry "USA"]
[SourceTitle "playchess.com"]
[Source "ChessBase"]
[SourceQuality "1"]
[TimeControl "5400+30"]

1. d4 Nf6 2. c4 g6 3. f3 d5 4. cxd5 Nxd5 5. e4 Nb6 6. Nc3 Bg7 7. Be3 c6 8. Qd2 N8d7 (8... e5 $11 9. dxe5 Qxd2+ 10. Kxd2 Bxe5) 9. O-O-O $16 Nf6 {[%emt 0:01:49] White is better.} 10. Bh6 Bxh6 11. Qxh6 Be6 12. Nh3 ({White should try} 12. Kb1 $16) 12... Bxh3 $11 13. Qxh3 Qd7 14. Qxd7+ (14. Qh4 $16) 14... Kxd7 15. Be2 Rad8 16. Rd2 e6 17. Rhd1 Ke7 18. b4 Rd7 19. a4 Rc8 20. Kb2 Rcd8 21. Kc2 a6 22. a5 Nc8 23. Na4 Na7 24. Nc5 Rc7 25. Kc3 Nd7 26. Kc4 Nxc5 27. dxc5 Rxd2 28. Rxd2 Rd7 29. Rxd7+ Kxd7 {[%emt 0:00:30][%mdl 4096] Endgame. KB-KN} 30. Kd4 Nb5+ 31. Bxb5 axb5 $14 {[%emt 0:03:47] KP-KP} 32. Ke5 {[%emt 0:00:00] [#] Kf6 would now be deadly.} Ke7 33. Kf4 {Black must now prevent Kg5.} f6 34. e5 h6 35. exf6+ Kxf6 {[%emt 0:00:00] The position is equal.} 36. Ke4 {[%emt 0:01:21] [#] And now f4 would win.} e5 37. g3 Ke6 38. h4 Kf6 39. g4 g5 40. hxg5+ (40. h5 $5) 40... hxg5 {[%emt 0:00:00] Weighted Error Value: White=0.11 (very precise) /Black=0.10 (very precise) .  Mistake:       	White=2     	Black=1      Inaccurate:     	White=4     	Black=2      OK:         	White=10    	Black=12     Best:        	White=1     	---} 1/2-1/2

[Event "1000GM Schev-G5 April 2024"]
[Site "Santa Clara"]
[Date "2024.04.21"]
[Round "4.2"]
[White "Gonzalez Zharikov, Andrey"]
[Black "Yuan, Serena"]
[Result "1/2-1/2"]
[ECO "B33"]
[WhiteElo "2037"]
[BlackElo "1867"]
[Annotator "TA"]
[PlyCount "62"]
[EventDate "2024.03.06"]
[EventType "schev"]
[EventCountry "USA"]
[SourceTitle "playchess.com"]
[Source "ChessBase"]
[SourceQuality "1"]
[TimeControl "5400+30"]

1. e4 c5 2. Nf3 Nc6 3. d4 cxd4 4. Nxd4 Nf6 5. Nc3 e5 6. Ndb5 d6 7. Bg5 a6 8. Na3 b5 9. Nd5 Be7 10. Bxf6 Bxf6 11. c3 O-O 12. Nc2 Bg5 13. Be2 Ne7 14. Ncb4 Be6 15. O-O a5 16. Nxe7+ Qxe7 {[%emt 0:01:17] The position is equal.} 17. Nd5 Qb7 18. Qd3 Bxd5 19. Qxd5 Qxd5 20. exd5 Rab8 21. Rad1 f5 22. b3 e4 23. c4 {[%emt 0:00:05] White is weak on the dark squares} bxc4 24. Bxc4 Rfc8 25. Rfe1 g6 26. Re2 Kg7 27. g3 Kf7 28. Kg2 Rc7 29. Rde1 Re7 30. h4 Bf6 31. Rd1 Bc3 {[%emt 0:05:00] Weighted Error Value: White=0.12 (very precise) /Black=0.09 (flawless) .  Inaccurate:     	White=1     	---        OK:         	White=1     	Black=6      Best:        	White=1     	---} 1/2-1/2

[Event "1000GM Schev-G5 April 2024"]
[Site "Santa Clara"]
[Date "2024.04.21"]
[Round "4.3"]
[White "Qi, Jenny"]
[Black "Solis Castro, Angel Alejan"]
[Result "1/2-1/2"]
[ECO "B16"]
[WhiteElo "1761"]
[BlackElo "2066"]
[Annotator "TA"]
[PlyCount "101"]
[EventDate "2024.03.06"]
[EventType "schev"]
[EventCountry "USA"]
[SourceTitle "playchess.com"]
[Source "ChessBase"]
[SourceQuality "1"]
[TimeControl "5400+30"]

1. e4 c6 2. d4 d5 3. Nc3 dxe4 4. Nxe4 Nf6 5. Nxf6+ gxf6 6. c3 Bf5 7. Nf3 e6 8. Bd3 Bg6 9. Bxg6 (9. O-O $16) 9... hxg6 $11 10. Qe2 Qd5 11. Bd2 Bh6 12. Bxh6 Rxh6 13. c4 Qa5+ 14. Qd2 Qxd2+ 15. Kxd2 Nd7 16. Rhe1 ({Better is} 16. Ke3 $11) 16... c5 (16... g5 $15 17. h3 c5) 17. dxc5 Nxc5 18. Rad1 O-O-O+ 19. Kc2 Rxd1 20. Rxd1 {[%emt 0:02:34][%mdl 4096] Endgame. KRN-KRN} Ne4 21. Rf1 e5 22. h3 Kd7 23. Nd2 Nxd2 24. Kxd2 {[%emt 0:00:04] KR-KR} Rh4 25. Kc3 Rd4 26. f3 Ke6 27. Rf2 (27. a4 $11) 27... Rd1 $15 28. Rd2 Rc1+ 29. Rc2 Rg1 30. b4 f5 31. Rd2 (31. c5 $11) 31... e4 32. fxe4 fxe4 33. c5 Ke5 34. Rd7 f5 35. Rxb7 f4 36. Rxa7 {[%emt 0:02:40] Hoping for Re7+.} Rxg2 $2 (36... e3 $11 37. Re7+ Kd5 38. Rd7+ Ke6) 37. c6 $18 Rg3+ 38. Kc4 {[%emt 0:03:55] Black must now prevent c7.} Rxh3 {[%emt 0:02:31] [#]} (38... Kd6 $142 39. b5 Rg2) 39. Re7+ $2 (39. b5 $1 $18 ) 39... Kd6 $1 $11 40. Rxe4 Kxc6 $2 (40... f3 $11 41. b5 f2 42. Rd4+ Kc7 43. Rd7+ Kb6 44. Rb7+ Ka5 45. Ra7+ (45. Rf7 Rh4+ 46. Kd3 Kxb5 $11) 45... Kb6 46. Rb7+ Ka5 47. Ra7+ (47. Rf7 Rh4+ 48. Kd5 Rh5+ 49. Ke6 Rf5 $11) 47... Kb6 48. Rb7+) 41. Rxf4 $18 Ra3 {[%emt 0:00:20] [#]} 42. Rf6+ $2 (42. b5+ $1 $18 Kb6 43. Rf6+ Kb7 44. Rf2 (44. Rxg6 Rxa2 45. b6 Rh2 $11) 44... Ra4+ 45. Kb3) 42... Kc7 {[%emt 0:26:55] The position is equal.} 43. Rxg6 {[%emt 0:00:35] Threatens to win with Kc5.} Rxa2 44. Kb5 {[%emt 0:00:11] aiming for Rg7+.} Rf2 45. Rg7+ Kb8 46. Kb6 {[%emt 0:00:20] White wants to mate with Rg8+.} Rf6+ 47. Ka5 Rf5+ 48. b5 Rf6 $1 49. b6 Rf1 50. Ka6 {[%emt 0:01:05] Threatening mate with Rg8+.} Ra1+ 51. Kb5 {[%emt 0:00:57] Weighted Error Value: White=0.41/Black=0.28 (precise) .  Loses game:     	---       	Black=2      Missed win:     	White=1     	---        Mistake:       	White=4     	Black=2      Inaccurate:     	White=1     	Black=3      OK:         	White=10    	Black=15     Best:        	White=3     	Black=5      Strong:       	---       	Black=2} 1/2-1/2

[Event "1000GM Schev-G5 April 2024"]
[Site "Santa Clara"]
[Date "2024.04.21"]
[Round "4.4"]
[White "Wu, Jayden"]
[Black "Rodriguez Hernandez, Jose Angel"]
[Result "1-0"]
[ECO "C97"]
[WhiteElo "1932"]
[BlackElo "1992"]
[Annotator "TA"]
[PlyCount "71"]
[EventDate "2024.03.06"]
[EventType "schev"]
[EventCountry "USA"]
[SourceTitle "playchess.com"]
[Source "ChessBase"]
[SourceQuality "1"]
[TimeControl "5400+30"]

1. e4 e5 2. Nf3 Nc6 3. Bb5 a6 4. Ba4 Nf6 5. O-O b5 6. Bb3 Be7 7. Re1 O-O 8. h3 d6 9. c3 Na5 10. Bc2 c5 11. d4 Qc7 12. d5 Nb7 13. Nbd2 c4 14. Nf1 Re8 15. Ng3 g6 16. Nh2 Nc5 {[%emt 0:01:39] The position is equal.} 17. f4 exf4 18. Bxf4 Bf8 19. Nf3 (19. Qd2 $5) 19... Ncd7 (19... a5 $11) 20. Qd2 $14 Bg7 21. a4 {[%emt 0:17:26] Active counter play!} Bb7 22. Be3 Nc5 23. Bd4 Nfd7 24. Bxg7 Kxg7 25. Qg5 f6 ({Black should try} 25... Kg8 $14) 26. Nh5+ $16 Kf7 $2 {[%emt 0:08:56] Loses the game.} (26... Kg8 $16 {is a better chance.} 27. Nxf6+ Nxf6) 27. Qh6 $18 {[%emt 0:00:00][%csl Gh5][%cal Rh6g7] [#] White is clearly winning.} gxh5 (27... Ke7 $142 28. Qxh7+ Kd8 29. Qxg6 Qc8 30. axb5 (30. Nxf6 Nxf6 31. Qxf6+ Kc7 $18) 30... Kc7 31. bxa6 (31. Nxf6 Nxf6 32. Qxf6 Qd7 $18) 31... Bxa6 32. Nxf6 Nxf6 33. Qxf6 Qd8) 28. Qxh7+ Kf8 29. Nh4 ({Stronger than} 29. Qxh5 Ne5 $11) (29. Ng5 $142 Ne5 30. Qxc7 fxg5 31. Qxd6+ Kg8 32. Qxc5) 29... Re5 30. Ng6+ Ke8 31. Qg8+ Nf8 32. Qxf8+ Kd7 33. Qf7+ Kc8 34. Qxc7+ Kxc7 35. Nxe5 fxe5 36. axb5 {[%emt 0:00:00] Weighted Error Value: White=0.29 (precise) /Black=0.64.  Loses game:     	---       	Black=1      Mistake:       	---       	Black=3      Inaccurate:     	White=1     	Black=3      OK:         	White=5     	Black=1      Best:        	White=3     	---} 1-0

[Event "1000GM Schev-G5 April 2024"]
[Site "Santa Clara"]
[Date "2024.04.21"]
[Round "4.5"]
[White "Castro, Azalea"]
[Black "Pulijala, Akshaj"]
[Result "0-1"]
[ECO "B33"]
[WhiteElo "1975"]
[BlackElo "1833"]
[Annotator "TA"]
[PlyCount "86"]
[EventDate "2024.03.06"]
[EventType "schev"]
[EventCountry "USA"]
[SourceTitle "playchess.com"]
[Source "ChessBase"]
[SourceQuality "1"]
[TimeControl "5400+30"]

1. e4 c5 2. Nf3 Nc6 3. d4 cxd4 4. Nxd4 Nf6 5. Nc3 e5 6. Ndb5 d6 7. Bg5 a6 8. Na3 b5 9. Nd5 Be7 10. Bxf6 Bxf6 11. Be2 O-O 12. Nxf6+ Qxf6 13. c3 Bb7 {[%emt 0:02:19] Black has an edge.} 14. Bf3 Ne7 15. O-O Rfd8 16. Qe2 Ng6 17. g3 {[%emt 0:06:33] Repels Nf4} Qg5 18. Bg2 f5 19. h4 Qf6 20. exf5 Bxg2 21. Kxg2 Qxf5 22. Nc2 Rac8 23. Ne3 Qe6 24. h5 Ne7 25. Qg4 Qf6 (25... Qxg4 {simplifies} 26. Nxg4 a5 27. f4 exf4 28. Rxf4 Rf8) 26. a4 d5 27. axb5 axb5 28. Ra7 d4 29. cxd4 exd4 30. Nd1 Nf5 31. Qe4 {[%emt 0:06:57] Prevents Qe5.} (31. Re1 $1 $11 {remains equal.}) 31... Kh8 (31... Qg5 $17 32. h6 Nxh6) 32. Rb7 $2 {[%emt 0:05:52][%mdl 8192] [#] Now White is beyond hope.} (32. g4 $11 {and White is okay.} Nh6 33. f3) 32... Nd6 $19 33. Qd5 Nxb7 34. Qxb7 Qc6+ 35. Qxc6 Rxc6 {[%emt 0:00:02][%mdl 4096] Endgame. KRR-KRN} 36. Kf3 (36. Re1 $142) 36... Re8 37. Kf4 Rf6+ 38. Kg4 Rfe6 {[%emt 0:01:32] [#] ...Re1 would now be deadly.} 39. f4 (39. b4 $142) 39... d3 {[%emt 0:01:49] Threatens to win with ...Re1.} 40. Rf3 Rd8 41. Kf5 Re1 {[%emt 0:00:43][%cal Od3d2] ( -> ...d2!)} 42. Nf2 d2 43. Rb3 Rf1 {[%emt 0:00:40] Weighted Error Value: White=0.92/Black=0.33.  Loses game:     	White=1     	---        Mistake:       	White=2     	Black=1      Inaccurate:     	White=3     	Black=1      OK:         	White=12    	Black=12     Best:        	White=2     	Black=2} 0-1

[Event "1000GM Schev-G5 April 2024"]
[Site "Santa Clara"]
[Date "2024.04.22"]
[Round "5.1"]
[White "Wu, Wentao"]
[Black "Gonzalez Zharikov, Andrey"]
[Result "1/2-1/2"]
[ECO "B12"]
[WhiteElo "1843"]
[BlackElo "2037"]
[Annotator "TA"]
[PlyCount "93"]
[EventDate "2024.03.06"]
[EventType "schev"]
[EventCountry "USA"]
[SourceTitle "playchess.com"]
[Source "ChessBase"]
[SourceQuality "1"]
[TimeControl "5400+30"]

1. e4 c6 2. d4 d5 3. e5 Bf5 4. Nf3 e6 5. Be2 a5 6. a4 Nd7 7. O-O h6 8. Nbd2 {[%emt 0:00:25] White is slightly better.} Ne7 9. Nb3 Bh7 10. Bd2 Nf5 11. Qe1 b6 12. Rc1 Be7 13. c4 dxc4 14. Rxc4 Nb8 15. g4 Nh4 16. Nxh4 Bxh4 17. Rc3 Ra7 18. Bf3 Be7 19. Qe2 (19. Bxc6+ Nxc6 20. Rxc6 Bd3 $17) 19... O-O 20. Kh1 (20. Bg2 $142) 20... Bb4 21. Rc4 Be7 22. Rc3 Qd7 23. Rg1 g5 {[%emt 0:00:00] [#]} (23... Bb4 $11 {keeps the balance.}) 24. h4 $1 $16 Kg7 (24... Qd8 25. Be4) 25. hxg5 hxg5 26. Kg2 Bg6 27. Rh1 Rh8 28. Rxh8 Kxh8 29. Be4 Kg7 30. Bxg6 fxg6 31. Qe4 (31. Qf3 $16) 31... Rc7 $14 32. Rh3 {White has more active pieces.} (32. Be3 $14) 32... Qd5 $11 33. Qxd5 (33. Qf3 {is interesting.} Rc8 34. Rh1 Na6 35. Rc1) 33... exd5 34. Nc1 c5 35. dxc5 Rxc5 36. Rc3 Nc6 37. Rxc5 Bxc5 {[%emt 0:00:00][%mdl 4096] Endgame. KBN-KBN} (37... bxc5 $15 38. Nb3 Kf7 39. Nxa5 (39. Bxa5 $2 {too greedy.} c4 $19) 39... Nxe5) 38. Nd3 Bd4 39. Bxg5 {[%emt 0:05:30] Black must now prevent Bf6+.} Nxe5 40. Nxe5 Bxe5 $16 {[%emt 0:00:00] KB-KB} 41. Bd8 (41. b3 $16) 41... Bd4 (41... Bxb2 $11 42. Bxb6 Bc3) 42. Kf3 ({Better is} 42. b3 $16) 42... Kf7 (42... Bxb2 $11 43. Bxb6 Bc3) 43. b3 {[%emt 0:00:00] White is better.} Ke6 44. Ke2 Kd7 45. Bg5 Ke6 46. f4 Bc5 47. Kd3 {[%emt 0:00:00] Weighted Error Value: White=0.14 (very precise) /Black=0.19 (very precise) .  Mistake:       	White=5     	Black=4      Inaccurate:     	White=2     	Black=5      OK:         	White=17    	Black=10     Best:        	White=2     	Black=2} 1/2-1/2

[Event "1000GM Schev-G5 April 2024"]
[Site "Santa Clara"]
[Date "2024.04.22"]
[Round "5.2"]
[White "Solis Castro, Angel Alejan"]
[Black "Yuan, Serena"]
[Result "1/2-1/2"]
[ECO "A14"]
[WhiteElo "2066"]
[BlackElo "1867"]
[Annotator "TA"]
[PlyCount "152"]
[EventDate "2024.03.06"]
[EventType "schev"]
[EventCountry "USA"]
[SourceTitle "playchess.com"]
[Source "ChessBase"]
[SourceQuality "1"]
[TimeControl "5400+30"]

1. c4 e6 2. g3 d5 3. Bg2 Nf6 4. Nf3 Be7 5. O-O O-O 6. b3 c5 7. d3 Nc6 8. e3 Qc7 9. Bb2 b6 10. a3 Bb7 11. Nbd2 Rfd8 12. Rc1 Rac8 13. Qc2 Qb8 14. Rfd1 h6 15. Qb1 Ne8 16. cxd5 exd5 17. Qa1 Bf6 18. d4 Ne7 19. Bh3 Rc7 20. Ne5 Bc8 21. Bg2 Bf5 22. dxc5 bxc5 23. e4 Be6 24. exd5 Bxd5 25. Ne4 Bxb3 (25... Qxb3 {is more complex.} 26. Rxc5 Rxc5 27. Nxc5 Qc2) 26. Rxd8 Qxd8 27. Nxc5 Bd5 {[%emt 0:02:18] [#] White must now prevent ...Bxg2.} 28. Ne4 Rxc1+ 29. Qxc1 Qa8 30. Nxf6+ Nxf6 31. Bh3 Qb7 32. Bd4 Ne4 33. f4 {[%emt 0:00:31] Prevents Ng5.} Nd6 34. Qb2 {[%emt 0:03:33] White wants to play Qxb7.} Qxb2 (34... Qa6 {seems wilder.} 35. Ng4 Nef5 36. Bxg7 Nc4) 35. Bxb2 Nc4 (35... f6 $11 36. Nd3 Nc4) 36. Nxc4 $14 Bxc4 {[%emt 0:00:02][%mdl 4096] Endgame. KBB-KBN} 37. Bd4 Nc6 38. Bc5 a6 39. Kf2 f6 40. Bd7 Na5 ({Better is} 40... Bd5) 41. f5 Kf7 42. Bb4 Nb3 (42... Nb7 $142) 43. Ke3 $16 g6 44. g4 h5 (44... gxf5 $16 {might work better.} 45. gxf5 (45. Bxf5 a5 $16) 45... Kg7) 45. fxg6+ $18 Kxg6 {[%emt 0:00:15] [#]} 46. Be8+ $1 Kg5 47. gxh5 {[%emt 0:00:25] Threatens to win with Bg6.} ({Resist} 47. Bxh5 $6 Be6 48. a4 a5 $18) 47... Bg8 $2 (47... Kh6 48. a4 (48. Bf8+ Kh7 $18) 48... a5) 48. Be7 Na5 49. h4+ Kf5 (49... Kg4 $142 50. Bxf6 Nc4+ 51. Kd4 Kf5) 50. Bg6+ Ke6 51. Bb4 Nc4+ 52. Kf4 Ne5 53. Bf5+ Kf7 54. Bc3 {[%emt 0:00:41] A strong pair of Bishops.} Kg7 55. Bxe5 fxe5+ 56. Kxe5 {[%emt 0:00:16] KB-KB} Kh6 57. Bg4 Bc4 58. Kd4 Bb5 59. Kc5 Bd3 60. Kb6 Bb5 61. Bc8 $2 (61. Ka5 $18 Bd3 62. Kb4) 61... Kxh5 62. Bxa6 Ba4 63. Ka5 Bc2 64. Kb4 Kxh4 65. Bc4 Kg5 66. Bb3 (66. Kc5 $14) 66... Bxb3 $11 {[%emt 0:00:28] The position is equal.} 67. Kxb3 {[%emt 0:00:02] KP-K} Kf6 68. Kb4 {[%emt 0:00:08] Kc5 would kill now.} Ke7 69. Kb5 {[%emt 0:00:12] White threatens Kb6 and mate.} Kd8 70. Kb6 (70. Kc6 $5 Kc8 $8 71. Kd6 $11) 70... Kc8 71. Ka7 (71. a4 $5) 71... Kc7 72. a4 Kc8 73. a5 Kc7 74. a6 Kc8 75. Ka8 (75. Kb6 $5 Kb8 $8 76. Kc6 $11) 75... Kc7 76. a7 (76. Ka7 $5) 76... Kc8 {[%emt 0:00:33] Black defended with fortune.   Weighted Error Value: White=0.10 (very precise) /Black=0.24 (precise) .  Mistake:       	White=1     	Black=6      Inaccurate:     	White=1     	Black=2      OK:         	White=21    	Black=10     Best:        	White=2     	Black=8      Strong:       	White=1     	---} 1/2-1/2

[Event "1000GM Schev-G5 April 2024"]
[Site "Santa Clara"]
[Date "2024.04.22"]
[Round "5.3"]
[White "Rodriguez Hernandez, Jose Angel"]
[Black "Qi, Jenny"]
[Result "1-0"]
[ECO "B25"]
[WhiteElo "1992"]
[BlackElo "1761"]
[Annotator "TA"]
[PlyCount "83"]
[EventDate "2024.03.06"]
[EventType "schev"]
[EventCountry "USA"]
[SourceTitle "playchess.com"]
[Source "ChessBase"]
[SourceQuality "1"]
[TimeControl "5400+30"]

1. e4 c5 2. Nc3 Nc6 3. g3 g6 4. Bg2 Bg7 5. d3 d6 6. Bd2 Rb8 7. Nf3 e5 8. O-O Nge7 {[%emt 0:00:29] The position is equal.} 9. h3 O-O 10. Nh2 f5 11. f4 fxe4 12. dxe4 b5 13. fxe5 Nxe5 (13... Bxe5 $6 14. Nf3 $14) 14. Bg5 Nf7 15. Bf6 Bxf6 16. Rxf6 b4 17. Ne2 Nc6 18. Rf2 Nce5 19. Nf4 Qg5 20. Nf1 Nc4 21. b3 Na3 22. Kh2 Nb5 23. Ne3 Nd4 24. a3 $1 {[%emt 0:02:22] [#] axb4 would now be deadly.} bxa3 (24... a5 $11 {remains equal.}) 25. Rxa3 $16 Nb5 26. Ra1 $36 {[%emt 0:00:31][%mdl 2048] White is really pushing.} Qe5 27. Nc4 Qg5 (27... Qg7 $142) 28. Qd2 a6 29. Raf1 {[%emt 0:00:39] White is more active.} Bd7 $2 {[%emt 0:01:24] Loses the game.} (29... Bb7 $16 {might work better.} 30. h4 Qe7) 30. Qa5 Ne5 31. Nxe5 dxe5 (31... Qxe5 {was called for.} 32. Nd3 (32. Qxa6 Qd4 $18) 32... Qe7) 32. Nd5 {[%emt 0:00:09] Hoping for Rxf8+.} Nd6 $2 (32... Rxf2 33. Rxf2 Kg7) 33. Nf6+ Rxf6 34. Rxf6 {[%emt 0:00:06][%cal Oa5c7] Strongly threatening Qc7!} Nf5 35. exf5 (35. Rxa6 $2 Qxg3+ 36. Kg1 Nh4 $19 (36... Ne3 37. Rf2 $11)) 35... Qxf6 36. fxg6 Qxg6 (36... Qd6 37. gxh7+ Kh8) 37. Qc7 $18 Qe8 38. Bd5+ {[%emt 0:00:33] White mates.} Kh8 {[%emt 0:00:46] [#]} 39. Rf8+ $3 Qxf8 (39... Kg7 40. Rxe8) 40. Qxe5+ (40. Qxd7 $2 {is the wrong capture.} Rd8 41. Qb7 Qf2+ 42. Bg2 Rg8 $19 (42... Qxc2 43. Qe7 $11)) 40... Qg7 41. Qxb8+ Qf8 42. Qxf8# {[%emt 0:00:04] Weighted Error Value: White=0.50/Black=0.43.  Loses game:     	---       	Black=1      Mistake:       	---       	Black=4      Inaccurate:     	White=1     	Black=2      OK:         	White=11    	Black=10     Best:        	---       	Black=1      Strong:       	White=1     	---} 1-0

[Event "1000GM Schev-G5 April 2024"]
[Site "Santa Clara"]
[Date "2024.04.22"]
[Round "5.4"]
[White "Wu, Jayden"]
[Black "Castro, Azalea"]
[Result "1/2-1/2"]
[ECO "C72"]
[WhiteElo "1932"]
[BlackElo "1975"]
[Annotator "TA"]
[PlyCount "92"]
[EventDate "2024.03.06"]
[EventType "schev"]
[EventCountry "USA"]
[SourceTitle "playchess.com"]
[Source "ChessBase"]
[SourceQuality "1"]
[TimeControl "5400+30"]

1. e4 e5 2. Nf3 Nc6 3. Bb5 a6 4. Ba4 d6 5. O-O Bg4 6. h3 h5 7. Bxc6+ bxc6 8. d3 (8. hxg4 hxg4 9. Re1 Qf6 $15 (9... gxf3 10. Qxf3 Qh4 11. g3 $15)) (8. d4 $1 $14) 8... Qf6 $1 $11 9. Nbd2 g5 10. Qe1 (10. d4 $11 {remains equal.}) 10... Bd7 $17 11. Nc4 (11. Kh2 $15) 11... g4 $1 12. Nh2 (12. Bg5 $2 Qg7 13. Nfxe5 gxh3 $19 (13... Qxg5 $2 14. h4 $19)) 12... gxh3 13. g3 Nh6 (13... Be7 $17 14. f4 Qg7) 14. f4 $15 Qg7 15. f5 h4 ({Black should play} 15... Rg8 $17 16. Rf3 (16. Bxh6 $2 Qxg3+ 17. Qxg3 Rxg3+ 18. Kf2 Rg2+ 19. Kf3 Bxh6 $19) 16... Ng4 17. Nxg4 Qxg4 (17... hxg4 18. Rf2 $15)) 16. Bxh6 $11 Rxh6 17. g4 Be7 18. Nd2 (18. Kh1 $11) 18... Bg5 $15 19. Ndf3 Bf4 20. Qe2 (20. Kh1 $142) 20... c5 (20... f6 $17 21. Kh1 O-O-O) 21. Kf2 (21. g5 $15) 21... Bg3+ {[%emt 0:00:49] This pair of bishops is nice.} (21... d5 $19 {White must now prevent ...0-0-0.} 22. Rg1 O-O-O 23. exd5 Rd6) 22. Ke3 $2 (22. Kg1 $17 {is the only way for White.}) 22... Bf4+ (22... d5 $142 23. g5 dxe4 24. dxe4 (24. gxh6 $2 {gets mated.} Bf4+ 25. Kxe4 Bc6#) 24... Rh5) 23. Kf2 $19 Rb8 ({Black should try} 23... f6 $19 24. Kg1 O-O-O) 24. b3 $17 {[%emt 0:03:24] White is weak on the dark squares} f6 25. Ke1 Bc6 26. c4 a5 27. Kd1 a4 28. Kc2 Rh8 29. Rh1 (29. Rfb1 {keeps fighting.}) 29... Ke7 30. Qf1 (30. Qf2 {was worth a try.}) 30... axb3+ 31. axb3 Bxh2 $2 (31... Qg8 $1 $19 {...Qc8 is the strong threat.} 32. Qxh3 Rxb3) 32. Nxh2 Ra8 {[%emt 0:01:49] Threatens to win with ...Rxa1.} 33. Qxh3 Qg5 34. Qf3 Rag8 35. Kd1 (35. Qf2 $11) 35... Rb8 $1 36. Kc2 {[%emt 0:00:22] [#]} (36. Rb1 $17 {is tougher.}) 36... Rbg8 $2 (36... Rxb3 $1 $19 {[%cal Ob3b2] ( -> ...Rb2+!)} 37. Nf1 (37. Kxb3 {leads to mate.} Qd2) 37... Rhb8) 37. Rhe1 h3 38. Qe3 Qxe3 39. Rxe3 Rh4 40. Rg1 Be8 41. Rgg3 Rgh8 42. Ref3 Bf7 43. g5 (43. Rf1 $11) 43... fxg5 $15 44. Rxg5 Kf6 45. Rgg3 Bh5 46. Re3 {[%emt 0:00:30] [#]} (46. Rf1 $11 {keeps the balance.}) 46... Bf7 {Weighted Error Value: White=0.47/Black=0.46.  Loses game:     	White=3     	---        Missed win:     	---       	Black=2      Mistake:       	White=10    	Black=7      Inaccurate:     	White=1     	Black=3      OK:         	White=12    	Black=7      Best:        	White=1     	Black=2      Strong:       	---       	Black=3} (46... Rf4 $1 $17 47. Kb1 Rf2 48. Rg6+ (48. Rxh3 $2 {loses.} Rg8 $19) 48... Bxg6 49. Ng4+ Ke7 (49... Kg5 50. Nxf2 Bxf5 51. exf5 $11) 50. Nxf2 h2) 1/2-1/2